 Dungeon Crawl Stone Soup version 0.22-a0-135-g6f012ad (webtiles) character file.

49632 vishdafish the Spear-Bearer (level 14, -8/106 HPs)
             Began as a Demonspawn Skald on Jan 31, 2018.
             Was an Elder of Nemelex Xobeh.
             Mangled by an alligator (10 damage)
             ... on level 4 of the Lair of Beasts.
             The game lasted 01:35:10 (28494 turns).

vishdafish the Spear-Bearer (Demonspawn Skald)     Turns: 28494, Time: 01:35:18

Health: -8/106     AC: 18    Str: 11    XL:     14   Next: 16%
Magic:  33/33      EV: 18    Int: 19    God:    Nemelex Xobeh [****..]
Gold:   1689       SH:  3    Dex: 14    Spells: 15/27 levels left

rFire    + . .     SeeInvis +   P - +9 quarterstaff of Quick Death {drain, +Inv MP+9 Stlth-}
rCold    + . .     Gourm    .   (shield currently unavailable)
rNeg     . . .     Faith    .   f - +2 robe {rC+ rF+}
rPois    .         Spirit   .   l - +0 helmet
rElec    .         Reflect  +   (no cloak)
rCorr    .         Harm     .   (no gloves)
MR       +....                  (no boots)
Stlth    +++.......             G - +3 amulet of reflection
HPRegen  1.27/turn              q - +4 ring of protection
MPRegen  0.23/turn              j - ring of see invisible

@: lethally poisoned (-8 -> -8), sanguine armour, very slow
A: claws 1, nightstalker 2, powered by death 2, sanguine armour 2
a: Triple Draw, Deal Four, Renounce Religion, Evoke Invisibility


You were on level 4 of the Lair of Beasts.
You worshipped Nemelex Xobeh.
Nemelex Xobeh was greatly pleased with you.
You were hungry.

You visited 4 branches of the dungeon, and saw 18 of its levels.
You also visited: Sewer, Ossuary and Bailey.

You collected 1819 gold pieces.
You spent 130 gold pieces at shops.

Inventory:

Hand Weapons
 v - a +3 war axe of flaming
 P - the +9 quarterstaff of Quick Death (weapon) {drain, +Inv MP+9 Stlth-}
   (You found it on level 8 of the Dungeon)

   A truly terrible weapon, it drains the life of those it strikes.
   It affects your magic capacity (+9).
   It lets you turn invisible.
   It makes you less stealthy.
 R - a +2 glaive of protection
Missiles
 M - a throwing net (quivered)
Armour
 f - a +2 robe of resistance (worn)
 l - a +0 helmet (worn)
 I - +0 swamp dragon scales
 J - a +0 robe of cold resistance
 K - the cursed +0 pair of gloves of Lucidity {rCorr}
   (You found it on level 1 of the Lair of Beasts)

   It protects you from acid and corrosion.
   It has a curse placed upon it.
Jewellery
 g - a cursed ring of protection from cold
 j - a ring of see invisible (right claw)
 q - a +4 ring of protection (left claw)
 s - an uncursed ring of stealth
 G - a +3 amulet of reflection (around neck)
Wands
 i - a wand of acid (7)
 k - a wand of flame (60)
 o - a wand of disintegration (22)
 w - a wand of digging (21)
 y - a wand of paralysis (7)
 Q - a wand of polymorph (21)
 W - a wand of scattershot (3)
 Y - a wand of random effects (26)
Scrolls
 a - 3 scrolls of amnesia
 b - 2 scrolls of remove curse
 h - a scroll of vulnerability {unknown}
 p - 7 scrolls of enchant armour
 A - 3 scrolls of fog
 C - 3 scrolls of enchant weapon
 F - 2 scrolls of teleportation
 L - a scroll of fear
 N - a scroll of summoning
 U - 2 scrolls of brand weapon {unknown}
 V - a scroll of random uselessness {unknown}
 X - a scroll of immolation
Potions
 e - a potion of mutation
 m - a potion of heal wounds
 r - a potion of magic
 t - 3 potions of flight
 x - 4 potions of agility
 z - 4 potions of curing
 B - 3 potions of brilliance
 D - 6 potions of cancellation
 E - 2 potions of haste
 H - 3 potions of lignification
 O - a potion of ambrosia {unknown}
 S - 2 potions of invisibility
 T - a potion of berserk rage
 Z - a potion of might
Miscellaneous
 c - an ornate deck of summoning {drawn: 2}
 n - a legendary deck of destruction {drawn: 1}
 u - an ornate deck of summoning {drawn: 2}
Comestibles
 d - 15 rations


   Skills:
 + Level 8.4 Fighting
 + Level 11.1 Polearms
 - Level 7.0 Armour
 - Level 9.1 Dodging
 + Level 7.9 Stealth
 - Level 7.0 Spellcasting
 + Level 6.9 Charms
 - Level 9.6 Invocations
 - Level 8.0 Evocations


You had 15 spell levels left.
You knew the following spells:

 Your Spells              Type           Power        Failure   Level  Hunger
a - Infusion              Chrm           ####         1%          1    None
b - Shroud of Golubria    Chrm/Tloc      ###.......   3%          2    None
c - Song of Slaying       Chrm           ####....     1%          2    None
d - Apportation           Tloc           #.....       10%         1    None
e - Spectral Weapon       Hex/Chrm       ###.....     8%          3    #......
f - Regeneration          Chrm/Necr      ###.......   8%          3    #......


Dungeon Overview and Level Annotations

Branches:
Dungeon (11/15)            Temple (1/1) D:5            Lair (4/6) D:11
 Shoals (0/4) Lair:2        Snake (0/4) Lair:3          Orc (2/2) D:11
    Elf (0/3) Orc:2

Altars:
Ashenzari
Cheibriados
Dithmenos
Elyvilon
Fedhas
Gozag
Hepliaklqana
Kikubaaqudgha
Makhleb
Nemelex Xobeh
Okawaru
Qazlal
Ru
Sif Muna
Trog
Uskayaw
Vehumet
Wu Jian
Xom
Yredelemnul
Zin
The Shining One

Shops:
D:4 (   D:9 [   D:10 !   Orc:2 =%*:


Innate Abilities, Weirdness & Mutations

You have sharp fingernails.
You are significantly more attuned to the shadows.
You regenerate health from kills.
When seriously injured, your bleeding wounds create thick armour. (AC +9)


Message History

Press: ? - help, Shift-Dir - straight line, f - swamp dragon
Aim: a swamp dragon (water)
The wavering orb of destruction weakly hits the alligator.
The alligator is heavily wounded.
The wavering orb of destruction weakly hits the alligator.
The alligator is severely wounded.
The alligator looks more healthy.
Your orb of destruction hits a rock wall.
The alligator bites you but does no damage.
The alligator completely misses you. The alligator barely misses you.
You block the alligator's attack.
You enter the shallow water.
Moving in this stuff is going to be slow.
You feel sick.
Your orb of destruction hits a rock wall.
The alligator bites you!!
* * * LOW HITPOINT WARNING * * *
The alligator misses you. x2; The alligator tail-slaps you!
You die...
Your body disappears without a glow.

P. #.#≈≈#≈≈≈≈..≈≈##.≈≈≈##.......
##.##..≈≈≈.≈#≈≈.≈≈≈≈≈≈≈≈##.......
#..#...≈≈≈.≈#≈.≈≈≈÷≈≈≈≈≈#........
##..#..#≈≈≈≈≈≈≈.≈.#≈≈#≈≈#........
.#..#..≈≈.≈.≈≈≈.≈.#≈≈#≈≈###......
.........≈.≈.≈≈≈.#≈≈##≈≈#........
...#...≈#≈≈§§§≈≈≈≈≈≈≈≈≈≈≈...≈≈≈≈≈
...######≈≈≈.≈§.≈#≈≈≈≈#≈#...§§≈§§
...# ≈≈≈≈#≈≈.§@≈#≈≈≈#≈≈...§§≈§§
..## ###≈≈#§§tt#≈#≈≈≈≈≈...≈≈§##
(..# ≈≈≈≈.P..D§P≈≈≈≈#≈.§.§§###
.P#### ≈≈≈≈≈≈≈≈≈≈≈≈P≈.≈≈..§≈≈§##
..#PP### ≈#P..#≈≈#.#..≈≈#...≈§#≈≈
.##....# #≈≈.#≈#≈≈≈.. P≈≈..§§§§≈§
.......##≈#.≈ ≈≈≈≈≈≈≈ #≈≈..§§.§§§
.......#≈ #.#≈≈≈#≈#≈ ≈≈#..#.....
.##....# ≈§ ≈≈≈≈≈ ≈≈≈........


You could see 2 alligators and a swamp dragon.

Vanquished Creatures
  The ghost of p0werm0de the Cleaver, a journeyman DsBe of Trog (Lair:2)
  A hydra (Lair:3)
  A two-headed ogre (D:9)
  4 orc high priests (Orc:2)
  A swamp dragon (Lair:4)
  5 orc knights
  Pikel (D:8)
  An orc sorcerer (Orc:2)
  2 manticores
  12 elephants
  Joseph (D:7)
  Psyche (D:11)
  A water nymph (D:11)
  7 spiny frogs
  4 black mambas
  2 gargoyles (D:11)
  A rime drake (Lair:1)
  2 kobold demonologists (D:11)
  2 komodo dragons
  4 trolls
  The ghost of vishdafish the Shield-Bearer, an amateur FoFi (D:3)
  2 hornets
  A polar bear (Lair:2)
  3 hippogriffs
  10 blink frogs
  A slime creature (D:11)
  Sigmund (D:2)
  A wyvern (D:9)
  2 fire bats (Lair:4)
  20 yaks
  4 basilisks
  A vampire mosquito (Lair:4)
  A steam dragon (Lair:2)
  Grum (Lair:1)
  Menkaure (D:5)
  3 hungry ghosts
  3 nagas (Lair:3)
  12 wargs
  2 swamp worms (Lair:4)
  11 water moccasins
  5 swamp drakes
  30 orc warriors
  7 porcupines
  2 black bears (D:7)
  An ice beast (D:5)
  A necrophage (D:7)
  5 phantoms
  11 ogres
  13 wolves
  An elephant zombie (Lair:3)
  5 centaurs
  5 crocodiles
  A komodo dragon zombie (Lair:3)
  3 elf zombies (Ossuary)
  6 big kobolds
  8 bullfrogs
  2 wyvern zombies
  A water moccasin skeleton (D:7)
  3 scorpions
  19 wights
  8 killer bees
  2 electric eels (Lair:3)
  7 howler monkeys
  2 crimson imps
  2 jellies
  2 lava snakes (Lair:4)
  6 hounds
  A bullfrog skeleton (D:7)
  A centaur skeleton (D:6)
  A centaur zombie (D:5)
  27 orc priests
  3 iguanas
  Natasha (thrice) (D:3)
  34 orc wizards
  5 worker ants
  A killer bee zombie (D:9)
  A crocodile zombie (Lair:3)
  A hound zombie (D:9)
  2 mummies (Ossuary)
  A worker ant zombie (D:11)
  7 gnolls
  14 adders
  A shadow imp (D:5)
  4 oozes
  An adder zombie (Ossuary)
  3 adder skeletons (D:4)
  4 worms
  3 dart slugs
  7 leopard geckos
  79 orcs
  10 bats
  6 giant cockroaches
  19 goblins
  11 hobgoblins
  8 jackals
  16 kobolds
  7 quokkas
  6 ball pythons
  7 frilled lizards
  2 goblin zombies (Ossuary)
  9 hobgoblin zombies (Ossuary)
  A jackal skeleton (D:5)
  A jackal zombie (D:6)
  8 kobold zombies (Ossuary)
  9 orc zombies (Ossuary)
  2 quokka skeletons
  19 rats
  5 rat zombies (Ossuary)
  A butterfly (Lair:1)
  A plant (Lair:1)
645 creatures vanquished.

Vanquished Creatures (collateral kills)
  Saint Roka (Orc:2)
  An orc warlord (Orc:1)
  2 death yaks (Lair:4)
  An orc knight (Bailey)
  An oklob plant (Lair:1)
  An ugly thing (D:11)
  2 spiny frogs (Lair:3)
  A komodo dragon (Lair:2)
  A yak (Lair:4)
  A basilisk (Lair:2)
  A swamp worm (Lair:4)
  A warg (Orc:1)
  4 orc warriors
  An ogre (Orc:1)
  A crocodile (Lair:3)
  An electric eel (Lair:3)
  2 orcs (Orc:1)
23 creatures vanquished.

Vanquished Creatures (others)
  A hippogriff (Lair:4)
  4 slaves (D:8)
  A hound (D:11)
  An orc (Bailey)
  A goblin (Bailey)
  A fire vortex (Lair:4)
  14 fungi
  13 plants
36 creatures vanquished.

Grand Total: 704 creatures vanquished

Notes
Turn   | Place    | Note
-------+----------+-------------------------------------------
     0 | D:1      | vishdafish the Demonspawn Skald began the quest for the Orb.
     0 | D:1      | Reached XP level 1. HP: 16/16 MP: 3/3
    49 | D:1      | Reached skill level 1 in Armour
    67 | D:1      | Reached skill level 2 in Polearms
    85 | D:1      | Gained mutation: You regenerate a little health from kills. [demonic ancestry]
    85 | D:1      | Reached XP level 2. HP: 14/22 MP: 0/5
   499 | D:1      | Gained mutation: You regenerate health from kills. [demonic ancestry]
   499 | D:1      | Reached XP level 3. HP: 25/27 MP: 6/6
   955 | D:2      | Gained mutation: When seriously injured, your bleeding wounds create armour. (AC +9) [demonic ancestry]
   955 | D:2      | Reached XP level 4. HP: 33/33 MP: 2/7
  1071 | D:2      | Reached skill level 3 in Polearms
  1272 | D:2      | Noticed a bullfrog
  1286 | D:2      | Killed a bullfrog
  1286 | D:2      | Reached XP level 5. HP: 13/38 MP: 8/8
  2192 | D:3      | Noticed vishdafish's ghost (amateur FoFi)
  2889 | D:2      | Gained mutation: You have sharp fingernails. [demonic ancestry]
  2889 | D:2      | Reached XP level 6. HP: 7/46 MP: 9/9
  3077 | D:3      | Noticed Natasha
  3083 | D:3      | Killed Natasha
  3083 | D:3      | Reached skill level 4 in Polearms
  3090 | D:3      | Found a snail-covered altar of Cheibriados.
  3282 | D:3      | Noticed Natasha
  3294 | D:3      | Killed Natasha
  3483 | D:2      | Learned a level 2 spell: Shroud of Golubria
  3486 | D:2      | Learned a level 2 spell: Song of Slaying
  3496 | D:3      | Killed vishdafish's ghost
  3496 | D:3      | Gained mutation: When seriously injured, your bleeding wounds create thick armour. (AC +9) [demonic ancestry]
  3496 | D:3      | Reached XP level 7. HP: 18/52 MP: 2/12
  3568 | D:3      | Noticed Natasha
  3577 | D:3      | Killed Natasha
  3752 | D:3      | Found a blossoming altar of Fedhas.
  3771 | D:3      | Noticed Sigmund
  3816 | D:2      | Killed Sigmund
  4453 | D:4      | Reached XP level 8. HP: 45/60 MP: 10/13
  4468 | D:4      | Found a deep blue altar of Sif Muna.
  4501 | D:4      | Found Esaivekk's Antique Weapon Emporium.
  4610 | D:4      | Reached skill level 5 in Polearms
  4692 | D:4      | Found a glowing drain.
  4726 | Sewer    | Entered a sewer
  5064 | Sewer    | Reached skill level 5 in Dodging
  5072 | Sewer    | Reached skill level 5 in Fighting
  5480 | D:5      | Entered Level 5 of the Dungeon
  5689 | D:5      | Found a sand-covered staircase.
  5841 | Ossuary  | Entered an ossuary
  5986 | Ossuary  | Reached skill level 5 in Charms
  6237 | D:5      | Reached XP level 9. HP: 50/68 MP: 10/14
  6250 | D:5      | Reached skill level 6 in Polearms
  6277 | D:5      | Found a staircase to the Ecumenical Temple.
  6308 | D:5      | Noticed Menkaure
  6314 | D:5      | Killed Menkaure
  6338 | Temple   | Entered the Ecumenical Temple
  7262 | D:6      | Found a shattered altar of Ashenzari.
  7268 | D:6      | Reached skill level 1 in Evocations
  8178 | D:7      | Reached skill level 7 in Polearms
  8200 | D:7      | Found a shattered altar of Ashenzari.
  8253 | D:7      | Noticed Joseph
  8258 | D:7      | Reached skill level 5 in Evocations
  8270 | D:7      | Killed Joseph
  8270 | D:7      | Gained mutation: You are slightly more attuned to the shadows. [demonic ancestry]
  8270 | D:7      | Reached XP level 10. HP: 32/76 MP: 0/15
  9626 | D:8      | Found a sacrificial altar of Ru.
  9627 | D:8      | Found a sparkling altar of Nemelex Xobeh.
  9630 | D:8      | Found a hazy altar of Hepliaklqana.
  9633 | D:8      | Became a worshipper of Nemelex Xobeh the Trickster
  9635 | D:8      | Found an iron altar of Okawaru.
  9636 | D:8      | Found a basalt altar of Yredelemnul.
  9637 | D:8      | Found a shadowy altar of Dithmenos.
  9637 | D:8      | Found a bloodstained altar of Trog.
  9639 | D:8      | Found an ornate altar of the Wu Jian Council.
  9641 | D:8      | Found a shimmering altar of Xom.
  9674 | D:8      | Received a gift from Nemelex Xobeh
  9682 | D:8      | Noticed Pikel
  9716 | D:8      | Killed Pikel
  9937 | D:8      | Got a jewelled quarterstaff
 10522 | D:9      | Noticed a two-headed ogre
 10530 | D:9      | Killed a two-headed ogre
 10530 | D:9      | Reached skill level 5 in Spellcasting
 10530 | D:9      | Reached skill level 5 in Invocations
 10571 | D:9      | Found a flagged portal.
 10578 | Bailey   | Entered a bailey
 10860 | Bailey   | Noticed an orc knight
 10868 | Bailey   | Noticed an orc knight
 10872 | Bailey   | Killed an orc knight
 10874 | Bailey   | Reached XP level 11. HP: 59/81 MP: 15/19
 10876 | Bailey   | Noticed an orc knight
 10880 | Bailey   | Noticed an orc knight
 11012 | Bailey   | Killed an orc knight
 11051 | Bailey   | Killed an orc knight
 11060 | Bailey   | Noticed an orc knight
 11080 | Bailey   | Killed an orc knight
 11167 | Bailey   | Killed an orc knight
 11692 | D:9      | Reached * piety under Nemelex Xobeh
 12373 | D:9      | Found Newkacuz's Armour Boutique.
 12692 | D:10     | Entered Level 10 of the Dungeon
 12969 | D:10     | Reached skill level 8 in Polearms
 12969 | D:10     | Reached skill level 5 in Armour
 13110 | D:10     | Found Minamus's Distillery.
 13144 | D:10     | Bought a potion of might for 60 gold pieces
 13202 | D:10     | Received a gift from Nemelex Xobeh
 13383 | D:10     | Identified the +9 quarterstaff of Quick Death {drain, +Inv MP+9 Stlth-} (You found it on level 8 of the Dungeon)
 13489 | D:11     | Noticed Psyche
 13496 | D:11     | Killed Psyche
 13496 | D:11     | Reached skill level 1 in Stealth
 14047 | D:11     | Noticed a brown ugly thing
 14557 | D:11     | Found a staircase to the Lair.
 14560 | D:11     | Reached ** piety under Nemelex Xobeh
 14588 | D:11     | Received a gift from Nemelex Xobeh
 14883 | D:11     | Reached XP level 12. HP: 86/89 MP: 20/20
 15204 | D:11     | Found a staircase to the Orcish Mines.
 15312 | Lair:1   | Entered Level 1 of the Lair of Beasts
 15392 | Lair:1   | Reached skill level 5 in Stealth
 15695 | Lair:1   | Reached skill level 9 in Polearms
 15699 | Lair:1   | Got a pair of slimy gloves
 15749 | Lair:1   | Identified the cursed +0 pair of gloves of Lucidity {rCorr} (You found it on level 1 of the Lair of Beasts)
 15798 | Lair:1   | Noticed Grum
 15879 | Lair:1   | Killed Grum
 16954 | Lair:2   | Found a staircase to the Shoals.
 17379 | Lair:2   | Noticed p0werm0de's ghost (journeyman DsBe)
 17436 | Lair:2   | Killed p0werm0de's ghost
 18428 | Lair:2   | Paralysed by a hornet for 2 turns
 18864 | Lair:3   | Reached *** piety under Nemelex Xobeh
 18901 | Lair:3   | Reached skill level 10 in Polearms
 19197 | Lair:3   | Reached XP level 13. HP: 64/98 MP: 22/22
 19398 | Lair:3   | Found a staircase to the Snake Pit.
 20334 | Lair:3   | Received a gift from Nemelex Xobeh
 20463 | Lair:3   | Paralysed by a hornet for 1 turns
 21163 | Lair:3   | Learned a level 1 spell: Apportation
 21887 | Orc:1    | Entered Level 1 of the Orcish Mines
 22483 | Orc:1    | Noticed an orc warlord
 22508 | Orc:1    | Killed an orc warlord
 22695 | Orc:2    | Entered Level 2 of the Orcish Mines
 22696 | Orc:2    | Found a staircase to the Elven Halls.
 22818 | Orc:2    | Received a gift from Nemelex Xobeh
 22826 | Orc:2    | Learned a level 3 spell: Spectral Weapon
 22830 | Orc:2    | Learned a level 3 spell: Regeneration
 22841 | Orc:2    | Noticed Saint Roka
 22864 | Orc:2    | HP: 4/98 [orc warrior/halberd[Saint Roka] (33)]
 22867 | Orc:2    | Found Xaczix's General Store.
 22867 | Orc:2    | Found Ughiunec's Book Boutique.
 23674 | Orc:2    | Killed Saint Roka
 24228 | Orc:1    | Reached skill level 11 in Polearms
 24710 | Orc:2    | Paralysed by an orc sorcerer for 7 turns
 25881 | Orc:2    | Found Hocobi Ciwne's Jewellery Shop.
 25983 | Orc:2    | Found Malemodo's Food Shop.
 25992 | Orc:2    | Bought a potion of heal wounds for 70 gold pieces
 26025 | Orc:2    | Received a gift from Nemelex Xobeh
 26348 | Lair:4   | Reached **** piety under Nemelex Xobeh
 27047 | Lair:3   | Gained mutation: You are significantly more attuned to the shadows. [demonic ancestry]
 27047 | Lair:3   | Reached XP level 14. HP: 61/105 MP: 24/24
 27094 | Lair:4   | Received a gift from Nemelex Xobeh
 28494 | Lair:4   | HP: 2/106 [alligator (28)]
 28494 | Lair:4   | Mangled by an alligator

Vault maps used:
D:1:      mainiacjoe_arrival_reflecting_pool
D:3:      marbit_many_paths, cheibriados_altar_1, minivault_25, uniq_natasha,
          uniq_sigmund
D:4:      old_standard_altar, first_ration, portal_sewer_entry_a, serial_shops,
          nicolae_shop_waterfront
D:5:      temple_statues, nicolae_ossuary_entry_false_entrances, uniq_menkaure
D:6:      nicolae_overflow_crystal_walls
D:7:      grunt_ogre_cave, nicolae_ashenzari_panopticon, uniq_joseph
D:8:      minitemple, serial_glass, glass_columns_a, glass_columns_a, uniq_pikel
D:9:      enter_bailey_3, serial_shops, nicolae_shop_crystal
D:10:     serial_shops, shop
D:11:     erik_lair_orcish_takeover, erik_orc_1, uniq_psyche
Temple:   jpeg_temple_island
Lair:1:   infiniplex_staircase_pool_2, lemuel_fruit_fields, grunt_megastairs_3,
          minmay_lair_oklob_chamber, uniq_grum
Lair:2:   minmay_shoals_entry_beasts, small_statue_intersection
Lair:3:   pond_and_an_island_with_a_cottage, minmay_snake_entry_guardpost_small
Lair:4:   onia_ninara_swampy_vault
Orc:1:    nooodl_orcs_dogs
Orc:2:    st_orc_mages, uniq_saint_roka
Sewer:    kennysheep_pipe_town
Ossuary:  ossuary_tomb_1
Bailey:   bailey_polearm_5, bailey

Skill      XL: |  1  2  3  4  5  6  7  8  9 10 11 12 13 |
---------------+----------------------------------------+-----
Armour         | 1 2 3 5 6 7 |  7.0
Polearms       | 2 3 4 5 7 8 10 11 | 11.1
Dodging        | 2 3 4 5 6 7 9 |  9.1
Charms         | 3 5 6 |  6.9
Fighting       | 3 4 5 6 8 |  8.4
Spellcasting   | 3 5 6 7 |  7.0
Evocations     | 5 8 |  8.0
Invocations    | 6 9 |  9.6
Stealth        | 4 7 |  7.9

Action                   |  1- 3 |  4- 6 |  7- 9 | 10-12 | 13-15 || total
-------------------------+-------+-------+-------+-------+-------++-------
Melee: Spear             |   143 |   218 |       |       |       ||   361
       Falchion          |       |    21 |       |       |       ||    21
       Trident           |       |    37 |   630 |    18 |       ||   685
       War axe           |       |       |    44 |   516 |     9 ||   569
       Quarterstaff      |       |       |       |   508 |   721 ||  1229
       Glaive            |       |       |       |       |    13 ||    13
 Cast: Infusion          |     4 |    14 |    29 |    11 |       ||    58
       Shroud of Golubri |       |     1 |     4 |    33 |    38 ||    76
       Song of Slaying   |       |       |     4 |    18 |    17 ||    39
Evoke: Wand              |       |       |     7 |    50 |     8 ||    65
       Deck              |       |       |       |    25 |    14 ||    39
  Use: Potion            |     3 |     2 |     5 |     4 |     9 ||    23
       Scroll            |       |     6 |     8 |    15 |     3 ||    32
 Stab: Sleeping          |     1 |       |     4 |    14 |     3 ||    22
       Distracted        |       |     1 |       |     4 |     1 ||     6
       Paralysed         |       |       |    12 |    38 |     7 ||    57
       Confused          |       |       |       |     1 |       ||     1
  Eat: Chunk             |       |     5 |     4 |    20 |    14 ||    43
       Ration            |       |     1 |     4 |     7 |     5 ||    17
Armor: Leather armour    |    26 |    52 |       |       |       ||    78
       Robe              |       |     7 |   158 |   332 |   222 ||   719
Dodge: Dodged            |    88 |   147 |   510 |   990 |   731 ||  2466
Block: Other             |       |       |       |    69 |    98 ||   167
       Reflection        |       |       |       |     2 |     1 ||     3
       Rpst.: Falchion   |       |     2 |       |       |       ||     2

Table legend:
 A = Spawn XP
 B = Non-spawn XP
 C = Spawn XP percentage of total XP
 D = Spawn monster count
 E = Non-spawn monster count
 F = Spawn count percentage of total count
 G = Total turns spent on level
                    A         B        C        D         E        F      G
               +---------+---------+-------+---------+---------+-------+---------
         Total |       0 |   70904 |   0.0 |       0 |     668 |   0.0 | 28494
               +---------+---------+-------+---------+---------+-------+---------
           D:1 |       0 |      58 |   0.0 |       0 |      25 |   0.0 |   860
           D:2 |       0 |     589 |   0.0 |       0 |      46 |   0.0 |  2283
           D:3 |       0 |     686 |   0.0 |       0 |      27 |   0.0 |  1202
           D:4 |       0 |     394 |   0.0 |       0 |      26 |   0.0 |   809
           D:5 |       0 |     635 |   0.0 |       0 |      10 |   0.0 |   846
           D:6 |       0 |    1320 |   0.0 |       0 |      24 |   0.0 |  1376
           D:7 |       0 |    2036 |   0.0 |       0 |      32 |   0.0 |  1215
           D:8 |       0 |    2048 |   0.0 |       0 |      24 |   0.0 |   922
           D:9 |       0 |    2683 |   0.0 |       0 |      31 |   0.0 |  1349
          D:10 |       0 |    2608 |   0.0 |       0 |      30 |   0.0 |  1149
          D:11 |       0 |    6512 |   0.0 |       0 |      62 |   0.0 |  1864
        Lair:1 |       0 |    5218 |   0.0 |       0 |      30 |   0.0 |  1349
        Lair:2 |       0 |    8547 |   0.0 |       0 |      32 |   0.0 |  3296
        Lair:3 |       0 |    8245 |   0.0 |       0 |      35 |   0.0 |  2010
        Lair:4 |       0 |    8866 |   0.0 |       0 |      31 |   0.0 |  2096
         Orc:1 |       0 |    5640 |   0.0 |       0 |      52 |   0.0 |  2575
         Orc:2 |       0 |   10107 |   0.0 |       0 |      50 |   0.0 |  1461
         Sewer |       0 |     530 |   0.0 |       0 |      24 |   0.0 |   437
       Ossuary |       0 |     367 |   0.0 |       0 |      39 |   0.0 |   321
        Bailey |       0 |    3815 |   0.0 |       0 |      38 |   0.0 |   853
               +---------+---------+-------+---------+---------+-------+---------
